Map: Ujari

Players

Yata

  • Race: Zerg Zerg
  • League: Gold
  • Spawn Location: 0:00

Myhome

  • Race: Terran Terran
  • League: Diamond
  • Spawn Location: 9:00

SHreddedWInd

  • Race: Protoss Protoss
  • League: Diamond
  • Spawn Location: 9:00

IceColdWater - Winner!

  • Race: Terran Terran
  • League: Gold
  • Spawn Location: 3:00

elDoctair - Winner!

  • Race: Zerg Zerg
  • Spawn Location: 3:00

NoWayMe - Winner!

  • Race: Zerg Zerg
  • Spawn Location: 0:00

VOD

Have the link to the VOD?

Description

Time

  • Played on: Sept. 4, 2017, 10:17 p.m.
  • Length: 3:33
Show
View Real Time Build Order
Export as new Build Order

Yata Zerg 

Build Orders: Pool Only 

Get SALT Encoding   

  12  0:00  Drone  
  13  0:23  Spawning Pool  
  13  0:26  Drone  
  13  0:31  Extractor  
  12  0:43  Drone x2  
  12  0:46  Overlord  
  14  1:12  Zergling x4  
  14  1:17  Queen  
  18  1:19  Zergling x2  
  19  1:27  Zergling x2  
  20  1:38  Zergling x2  
  21  1:50  Zergling x2  
  21  1:53  Metabolic Boost  
  22  2:08  Overlord  
  21  2:25  Zergling x2  
  21  2:29  Zergling x8  
  25  2:37  Zergling x2  
  26  2:50  Roach Warren  
  25  2:55  Zergling x2  
  26  3:06  Zergling x2  
  23  3:14  Zergling x8  
Show
View Real Time Build Order
Export as new Build Order

Myhome Terran 

Build Orders:  

Get SALT Encoding   

  12  0:01  SCV  
  13  0:15  Supply Depot  
  13  0:45  Refinery  
  13  0:55  Refinery  
  13  1:16  SCV  
  14  2:37  SCV  
  14  2:49  SCV  
  15  3:01  SCV  
Show
View Real Time Build Order
Export as new Build Order

SHreddedWInd Protoss 

Build Orders: Cannon Rush 

Get SALT Encoding   

  12  0:01  Probe (Chrono Boost)  
  13  0:12  Probe (Chrono Boost)  
  14  0:19  Pylon  
  14  0:23  Probe (Chrono Boost)  
  15  0:41  Pylon  
  15  0:43  Forge  
  15  0:58  Assimilator  
  15  1:06  Probe (Chrono Boost)  
  16  1:23  Pylon  
  16  1:32  Pylon  
  16  1:39  Pylon  
  16  1:42  Photon Cannon  
  15  1:48  Pylon  
  15  1:51  Photon Cannon  
  15  1:53  Photon Cannon  
  15  1:59  Photon Cannon  
  15  2:01  Photon Cannon  
  14  2:16  Probe (Chrono Boost)  
  15  2:26  Probe (Chrono Boost)  
  16  2:37  Probe (Chrono Boost)  
  17  2:45  Photon Cannon  
  17  2:47  Photon Cannon  
  17  2:48  Probe (Chrono Boost)  
  17  2:49  Pylon  
  18  2:57  Photon Cannon  
  18  2:58  Probe (Chrono Boost)  
  19  3:02  Photon Cannon  
  19  3:04  Photon Cannon  
  19  3:06  Photon Cannon  
  19  3:21  Pylon  
Show
View Real Time Build Order
Export as new Build Order

IceColdWater Terran - Winner!

Build Orders:  

Get SALT Encoding   

  12  0:01  SCV  
  13  0:20  SCV  
  13  0:21  Supply Depot  
  14  0:27  Refinery  
  14  0:44  Barracks  
  14  0:54  SCV  
  15  1:11  SCV  
  16  1:34  SCV  
  17  2:04  SCV  
  18  2:09  Marine  
  19  2:16  SCV  
  19  2:19  Barracks  
  16  2:44  SCV  
  17  2:57  Orbital Command  
  17  3:00  Supply Depot  
  17  3:30  Barracks Tech Lab  
Show
View Real Time Build Order
Export as new Build Order

elDoctair Zerg - Winner!

Build Orders: Pool First 

Get SALT Encoding   

  12  0:01  Drone  
  13  0:11  Drone  
  14  0:18  Extractor, Drone  
  14  0:25  Extractor, Drone  
  15  0:30  Overlord  
  15  0:47  Spawning Pool  
  14  0:57  Drone x2  
  16  1:06  Drone  
  17  1:14  Overlord  
  17  1:22  Drone  
  18  1:36  Roach Warren  
  17  1:47  Queen  
  19  1:55  Zergling x6  
  22  2:19  Zergling x4  
  24  2:36  Roach  
  26  2:54  Drone x2  
  28  3:02  Roach  
  30  3:13  Overlord  
  30  3:14  Overlord  
  28  3:32  Hatchery  
Show
View Real Time Build Order
Export as new Build Order

NoWayMe Zerg - Winner!

Build Orders: Pool Only 

Get SALT Encoding   

  12  0:02  Drone  
  13  0:09  Drone  
  14  0:19  Overlord  
  14  0:38  Drone  
  14  0:39  Drone x2  
  17  0:47  Spawning Pool  
  16  0:51  Extractor, Drone  
  16  1:08  Overlord  
  16  1:34  Zergling x2  
  16  1:35  Zergling x4  
  16  1:38  Queen  
  21  1:48  Zergling x2  
  22  1:57  Metabolic Boost  
  21  2:20  Zergling x4  
  21  2:21  Zergling x2  
  22  2:48  Zergling x4  
  22  2:51  Zergling x6  
  26  3:14  Zergling x4  
Tags
 
Add a new tag
Caveats
  • Supply blocks, unpowered buildings, or Contaminate may cause inaccurate times.
  • Supply counts are checked every 10 seconds.